 Dungeon Crawl Stone Soup version 0.31-a0-1074-g0b22e4e0f1 (webtiles) character file.

Game seed: 7812143070576226118

2 croobank the Sneak (level 1, -9/18 HPs)
             Began as a Human Delver on Dec 3, 2023.
             Mangled by an ogre
             ... wielding a +0 giant club
              (14 damage)
             ... on level 4 of the Dungeon.
             The game lasted 00:01:40 (243 turns).

croobank the Sneak (Human Delver)                    Turns: 243, Time: 00:01:40

Health: -9/18      AC:  3    Str: 12    XL:     1   Next: 44%
Magic:  1/1        EV: 12    Int: 10    God:
Gold:   49         SH:  0    Dex: 14    Spells: 0/0 levels left

rFire   . . .        a - +0 short sword
rCold   . . .        (no shield)
rNeg    . . .        b - +0 leather armour
rPois   .            (no helmet)
rElec   .            (no cloak)
rCorr   .            (no gloves)
SInv    .            (no boots)
Will    .....        (no amulet)
Stlth   +++          (no ring)
HPRegen 0.23/turn    (no ring)
MPRegen 0.07/turn

%: no passive effects
@: no status effects
A: no striking features
a: no special abilities


You were on level 4 of the Dungeon.
You visited 1 branch of the dungeon, and saw 3 of its levels.

You collected 49 gold pieces.

Inventory:

Hand Weapons
 a - a +0 short sword (weapon)
 h - a +0 sling
Armour
 b - a +0 leather armour (worn)
Wands
 g - a wand of digging (3)
Scrolls
 c - a scroll of fog
 d - a scroll of revelation
 e - a scroll of fear
 i - a scroll of enchant armour {unknown}
 k - a scroll of enchant weapon {unknown}
Potions
 f - a potion of haste
 j - a potion of attraction {unknown}


   Skills:
 + Level 3.0 Fighting
 + Level 2.0 Short Blades
 + Level 2.0 Dodging
 + Level 5.0 Stealth


You couldn't memorise any spells.
You didn't know any spells.
Your spell library was empty.

Dungeon Overview and Level Annotations

Branches:
Dungeon (6/15)
 Temple: D:4-7

Altars:

Shops:
D:4 (


Message History

No target in view!
You hear the slow rusting of a distant drain.
HP restored.
A black bear comes into view.
Found a scroll of revelation.
d - 2 scrolls of revelation (gained 1) 2 orcs and an adder come into view.
An orc is wielding a +1 hand axe of distortion.
The orc shouts!
The adder hisses angrily.
You hear a shout!
An orc comes into view. It is wielding a +0 club.
The orc shouts!
Found a stone staircase leading up and a stone staircase leading down.
There is a stone staircase leading up here.
You start waiting.
You hear the rusting of a distant drain.
You climb upwards.
There is a stone staircase leading down here.
Found Mariqos's Antique Weapon Boutique.
Okay, then.
As you read the scroll of revelation, it crumbles to dust.
You feel aware of your surroundings.
An ogre comes into view. It is wielding a +0 giant club.
Found 13 gold pieces and 11 stones.
Okay, then.
Unknown command.
You see here 4 stones.
The ogre attacks as it pursues you! The ogre barely misses you.
The ogre attacks as it pursues you! The ogre completely misses you.
You see here 7 stones.
The ogre attacks as it pursues you! The ogre hits you with a +0 giant club!
Ouch! That really hurt!
* * * LOW HITPOINT WARNING * * *
The ogre attacks as it pursues you! The ogre closely misses you.
Found a club.
Found a plate armour.
Found 14 gold pieces.
Found a stone staircase leading up.
Found a scroll labelled OBU LEUMNYA.
The ogre attacks as it pursues you! The ogre hits you with a +0 giant club!
Ouch! That really hurt!
You die...

****,,,,,,,,,*,,* *,,,* *,** *
**,,******##.###.#** *,*
******,**#####.....?####***,****
,,,,,,,,,,.............,,,,,,,,*
******,****#.........#**,,,,,,,*
*,,,,*#.<.......# #.,,..,,* **
****,,#.........# #.....,,* ,****
**,#.$.......# #.##.#*** ,,,,*
*.#....@....# #.##.# *,*,**
#.......O...# #.##.# *,*,,**
###...K.....# #.##.#
*,**,,*****#.......O.# #.##.#####
*,***,,,,,,#.........###........#
*,********....[......g..........#
*,,,,,,* ##.....$.....###.PPP...#
******,** ####.....#......P∩P(..#
*,,** ####......#..P.....#


You could see 2 ogres, a goblin and a kobold.

Vanquished Creatures
  2 jackals (D:5)
2 creatures vanquished.

Notes
Turn   | Place    | Note
-------+----------+-------------------------------------------
     0 | D:5      | croobank the Human Delver began the quest for the Orb.
     0 | D:5      | Reached XP level 1. HP: 18/18 MP: 1/1
    41 | D:6      | Noticed an ice beast
    76 | D:4      | Noticed an ogre
   174 | D:5      | Noticed a black bear
   221 | D:4      | Found Mariqos's Antique Weapon Boutique.
   222 | D:4      | Noticed an ogre
   243 | D:4      | Mangled by an ogre

Illustrated notes

Levels and vault maps discovered:
D:4:      layout_rooms, serial_shops, nicolae_shop_overgrown_old_shop,
          serial_library_hellmonk_big_corner
D:5:      layout_loops_ring, gup_sewer_entry_bowl
D:6:      layout_basic, minmay_temple_entry_gardened_gates, minmay_shop_mass,
          kennysheep_windowed_goal

Action                     || total
---------------------------++-------
  Melee: Short sword       ||    12
    Use: Scroll            ||     1
 Armour: Leather armour    ||     5
  Dodge: Dodged            ||    17

Table legend: (Time is in decaauts)
 A = Elapsed time spent in this place.
 B = Non-inter-level travel time spent in this place.
 C = Inter-level travel time spent in this place.
 D = Time resting spent in this place.
 E = Time spent auto-exploring this place.
 F = Levels seen in this place.
 G = Mean time per level.
                   A        B        C        D        E       F      G
               +--------+--------+--------+--------+--------+-----+--------+
         Total |    243 |    228 |     15 |      6 |     71 |   3 |   81.0 |
       Dungeon |    243 |    228 |     15 |      6 |     71 |   3 |   81.0 |
               +--------+--------+--------+--------+--------+-----+--------+

Top non-repeatable levels by time:
     D:5: 151 daAuts
     D:6: 63 daAuts
     D:4: 28 daAuts
